 Dungeon Crawl Stone Soup version 0.30.0-29-ga12c61a403 (webtiles) character file.

Game seed: 10529389430428664807

47 qw the Chopper (level 3, -2/23 HPs)
             Began as a Gargoyle Fighter on June 4, 2023.
             Slain by Sigmund
             ... wielding a +0 scythe
              (5 damage)
             ... on level 2 of the Dungeon.
             The game lasted 00:00:29 (941 turns).

qw the Chopper (Gargoyle Fighter)                    Turns: 941, Time: 00:00:29

Health: -2/23      AC: 20    Str: 21    XL:     3   Next: 70%
Magic:  3/3        EV:  9    Int:  8    God:
Gold:   170        SH:  4    Dex:  9    Spells: 2/2 levels left

rFire   . . .        Y - +0 war axe (protect)
rCold   . . .        c - +0 buckler
rNeg    + . .        b - +0 scale mail
rPois   inf          e - +1 helmet
rElec   +            (no cloak)
rCorr   .            g - +0 pair of gloves
SInv    .            (no boots)
Will    .....        (no amulet) Stlth
                     (no ring)
HPRegen 0.23/turn    (no ring)
MPRegen 0.08/turn

%: no passive effects
@: under a protective aura
A: sickness immunity, AC +3, negative energy resistance 1, electricity
resistance, torment resistance 1, petrification resistance
a: no special abilities


You were on level 2 of the Dungeon.
You visited 1 branch of the dungeon, and saw 2 of its levels.

You collected 170 gold pieces.


Innate Abilities, Weirdness & Mutations

You are immune to sickness and miasma.
Your stone body is resilient. (AC +3)
You are immune to poison.
You resist negative energy. (rN+)
You are resistant to electric shocks. (rElec)
You are resistant to unholy torment.
You are immune to petrification.


   Skills:
 - Level 3.2 Fighting
 + Level 3.6 Axes
 - Level 3.2 Armour
 - Level 3.2 Shields


You had 2 spell levels left.
You didn't know any spells.
Your spell library was empty.

Inventory:

Hand Weapons
 a - a +0 club
 Y - a +0 war axe of protection (weapon)
Missiles
 h - a boomerang (quivered)
Armour
 b - a +0 scale mail (worn)
 c - a +0 buckler (worn)
 e - a +1 helmet (worn)
 g - a +0 pair of gloves (worn)
Potions
 d - a potion of might

Dungeon Overview and Level Annotations

Branches:
Dungeon (2/15)

Altars:

Annotations:
D:2 Sigmund


Message History

Sigmund is moderately wounded.
You hit Sigmund.
Sigmund is heavily wounded.
You block Sigmund's attack.
You closely miss Sigmund.
Sigmund is heavily wounded.
Sigmund hits you with a +0 scythe.
You closely miss Sigmund.
Sigmund is heavily wounded.
Sigmund hits you but does no damage.
You barely miss Sigmund.
Sigmund is heavily wounded.
Sigmund laughs darkly.
Sigmund casts a spell at you.
You are confused.
Sigmund barely misses you. Sigmund hits you with a +0 scythe.
Sigmund gestures at you while chanting. You resist with significant effort.
Sigmund hits you with a +0 scythe!
You feel less confused. You block Sigmund's attack.
You completely miss Sigmund.
Sigmund is heavily wounded.
Sigmund hits you but does no damage.
You hit Sigmund but do no damage.
Your weapon exudes an aura of protection.
Sigmund is heavily wounded.
You hit Sigmund but do no damage.
Sigmund is heavily wounded.
Sigmund says, "Now you see me, now you don't..."
Sigmund closely misses you.
You hit Sigmund but do no damage.
Sigmund is heavily wounded.
Sigmund barely misses you.
You barely miss Sigmund.
Sigmund is heavily wounded.
Sigmund's eyes start glowing with a red light.
Sigmund hits you with a +0 scythe.
You die...

#........ ## #........
... #........ ....
#........
....#############.##.###
..................##[#
#.>......#....####.##
#.......(....## #))##
#..?.@.%.<...# ##<.#
#...@...%.#### ##.#
######.#..# #.# #....#
#.# ....## #.# #.##.#.
#.# .. #.... #.# ..
...... #.# #.#


You could see Sigmund.

Vanquished Creatures
  Robin (D:2)
  A dart slug (D:1)
  2 ball pythons
  An endoplasm (D:2)
  3 giant cockroaches
  9 goblins
  4 hobgoblins
  2 quokkas (D:1)
  3 bats (D:1)
  A frilled lizard (D:1)
  A kobold (D:1)
  2 rats (D:1)
30 creatures vanquished.

Notes
Turn   | Place    | Note
-------+----------+-------------------------------------------
     0 | D:1      | qw the Gargoyle Fighter began the quest for the Orb.
     0 | D:1      | Reached XP level 1. HP: 14/14 MP: 1/1
     0 | D:1      | 0 ||| qw: Version: 0.2-a-107-g4668610
     0 | D:1      | 0 ||| qw: Game counter: 1198
     0 | D:1      | 0 ||| qw: Always use a shield: true
     0 | D:1      | 0 ||| qw: God list: Okawaru
     0 | D:1      | 0 ||| qw: Allow faded altars: false
     0 | D:1      | 0 ||| qw: Do Orc after D:15 true
     0 | D:1      | 0 ||| qw: Do second Lair branch before Depths: true
     0 | D:1      | 0 ||| qw: Lair rune preference: random
     0 | D:1      | 0 ||| qw: Plans: Normal, Zot:1-4, Slime:5, God:TSO, Crypt,
                  | Tomb, Abyss, Pan, Hells, Win
     0 | D:1      | 0 ||| PLANNING D:1-11
   142 | D:1      | Found a faded altar of an unknown god.
   150 | D:1      | Reached XP level 2. HP: 19/19 MP: 2/2
   666 | D:1      | 666 ||| UPGRADING to +0 pair of gloves.
   671 | D:1      | 671 ||| READING scroll labelled LAUFAAGHOT.
   672 | D:1      | 672 ||| READING scroll labelled KEOTZE TENI.
   677 | D:1      | 677 ||| READING scroll labelled LOK DEXOIHOIPNE.
   719 | D:2      | 719 ||| Stepping ~*~*~tactically~*~*~ (hiding).
   724 | D:2      | Noticed Robin
   728 | D:2      | Reached skill level 3 in Axes
   734 | D:2      | Reached XP level 3. HP: 19/23 MP: 3/3
   750 | D:2      | Killed Robin
   801 | D:2      | Noticed Sigmund
   816 | D:2      | 816 ||| FLEEEEING.
   817 | D:2      | 817 ||| STAIRDANCE
   817 | D:2      | HP: 1/23 [something (5)]
   910 | D:1      | 910 ||| UPGRADING to +1 helmet.
   915 | D:1      | 915 ||| DROPPING ring of magical power.
   935 | D:2      | HP: 2/23 [Sigmund/+0 scythe (8)]
   941 | D:2      | Slain by Sigmund

Levels and vault maps discovered:
D:1:      evilmike_arrival_rings, layout_basic, ebering_ecumenical_altar_hall,
          minmay_gold_behind_fungi, hangedman_decor_diamond_cutter
D:2:      layout_rooms, serial_shops, nicolae_shop_tiny_real_fake_doors,
          basic_altar, uniq_robin, uniq_sigmund

Skill      XL: |  1  2 |
---------------+-------+-----
Axes           | 2 3 |  3.6
Fighting       | |  3.2
Armour         | |  3.2
Shields        | |  3.2

Action                     || total
---------------------------++-------
  Melee: War axe           ||    89
  Throw: Boomerang         ||     9
    Use: Scroll            ||     3
 Armour: Scale mail        ||    63
  Dodge: Dodged            ||    55
  Block: Buckler           ||    17

Table legend:
 A = Non-vault XP
 B = Vault XP
 C = Vault XP percentage of total XP
 D = Non-vault monster count
 E = Vault monster count
 F = Vault count percentage of total count
                 A         B        C        D         E       F
            +---------+---------+-------+---------+---------+-------
      Total |      32 |      36 |  52.9 |      18 |      12 |  40.0
            +---------+---------+-------+---------+---------+-------
        D:1 |      24 |       0 |   0.0 |      14 |       0 |   0.0
        D:2 |       8 |      36 |  81.8 |       4 |      12 |  75.0
            +---------+---------+-------+---------+---------+-------
